 Dungeon Crawl Stone Soup version 0.28.0 (webtiles) character file.

Game seed: 15116987182566635536

432 Sanktem7 the Slasher (level 6, 0/57 HPs)
             Began as a Minotaur Berserker on Feb 8, 2022.
             Was a Believer of Trog.
             Succumbed to a scorpion's poison
             ... on level 5 of the Dungeon.
             The game lasted 00:09:23 (3608 turns).

Sanktem7 the Slasher (Minotaur Berserker)           Turns: 3608, Time: 00:09:24

Health: 0/57       AC:  7    Str: 24    XL:     6   Next: 67%
Magic:  5/5        EV: 11    Int:  4    God:    Trog [**....]
Gold:   285        SH:  0    Dex:  9    Spells: 5/5 levels left

rFire   . . .      SeeInvis +   a - +1 falchion
rCold   . . .      Faith    .   (no shield)
rNeg    . . .      Spirit   .   e - +0 scale mail
rPois   .          Reflect  .   (helmet restricted)
rElec   .          Harm     .   (no cloak)
rCorr   .          Rampage  .   (no gloves)
Will    .....                   (no boots)
Stlth   ..........              (no amulet)
HPRegen 0.19/turn               g - ring of see invisible
MPRegen 0.09/turn               (no ring)

@: brilliant, lethally poisoned (0 -> -3)
A: horns 2, retaliatory headbutt
a: Renounce Religion, Berserk, Trog's Hand


You were on level 5 of the Dungeon.
You worshipped Trog.
Trog was pleased with you.
You visited 1 branch of the dungeon, and saw 5 of its levels.

You collected 285 gold pieces.

Inventory:

Hand Weapons
 a - a +1 falchion (weapon)
Armour
 e - a +0 scale mail (worn)
Jewellery
 g - a ring of see invisible (left hand)
Scrolls
 c - 2 scrolls of teleportation
Potions
 b - a potion of might {unknown}
 d - a potion of brilliance
 h - a potion of heal wounds {unknown}
 i - a potion of magic {unknown}


   Skills:
 + Level 5.7 Fighting
 + Level 6.2 Long Blades
 + Level 4.1 Armour
 + Level 3.7 Dodging
 + Level 0.3 Stealth


You had 5 spell levels left.
You didn't know any spells.
Your spell library was empty.

Dungeon Overview and Level Annotations

Branches:
Dungeon (5/15)
 Temple: D:4-7

Altars:
Gozag
Trog

Shops:
D:1 [[*:


Innate Abilities, Weirdness & Mutations

You have a pair of horns on your head.
You reflexively headbutt those who attack you in melee.


Message History

The orc hits you but does no damage. x2; The scorpion stings you.
You are poisoned.
The scorpion poisons you!
The kobold brigand hits you with a +0 whip.
* * * LOW HITPOINT WARNING * * *
You hit the scorpion but do no damage.
The scorpion is heavily wounded.
You feel very sick. The howler monkey barely misses you.
The kobold hits you but does no damage. The scorpion misses you.
You furiously retaliate!
You headbutt the scorpion. The orc hits you with a +0 hand axe.
* * * LOW HITPOINT WARNING * * *
The orc closely misses you. The kobold brigand barely misses you.
The orc wizard mumbles some strange words.
The orc wizard flickers and vanishes for a moment.
The howler monkey hoots and howls with incredible vigour!
The kobold barely misses you. You furiously retaliate!
You headbutt the kobold.
You kill the kobold!
Trog accepts your kill.
The scorpion stings you but does no damage.
The orc hits you with a +0 hand axe.
* * * LOW HITPOINT WARNING * * *
The orc hits you but does no damage.
You hit the scorpion. You headbutt the scorpion.
You kill the scorpion!
Trog accepts your kill.
You feel yourself speed up.
You feel sick.
The howler monkey hits you but does no damage.
The kobold brigand closely misses you. The orc hits you with a +0 hand axe.
* * * LOW HITPOINT WARNING * * *
The orc closely misses you. The howler monkey barely misses you.
The kobold brigand hits you with a +0 whip.
* * * LOW HITPOINT WARNING * * *
Your Armour skill increases to level 4!
Okay, then.
Okay, then.
It was a potion of brilliance.
You feel clever all of a sudden.
You die...

............##.
.............$#
..............#
..............#
..K...........#
............#
.......o....#
#Kh..# #@...#
......)oo.##
.........##
.......###
.....## #...#
.... ...


You could see a kobold brigand, a howler monkey and 3 orcs.

Vanquished Creatures
  Sigmund (D:2)
  2 scorpions
  A hound (D:5)
  Crazy Yiuf (D:2)
  2 hound skeletons (D:4)
  An adder (D:3)
  A worm (D:3)
  A dart slug (D:4)
  7 orcs
  2 bats
  6 endoplasms
  2 giant cockroaches
  5 goblins
  2 hobgoblins
  3 jackals
  2 quokkas
  4 ball pythons
  3 frilled lizards
  5 kobolds
  2 rats (D:1)
53 creatures vanquished.

Notes
Turn   | Place    | Note
-------+----------+-------------------------------------------
     0 | D:1      | Sanktem7 the Minotaur Berserker began the quest for the
                  | Orb.
     0 | D:1      | Reached XP level 1. HP: 19/19 MP: 0/0
     9 | D:1      | Found Efrelum's Antique Armour Shoppe.
    48 | D:1      | Found Ibruugof's General Store.
    57 | D:1      | Found Ybar Hih's Book Emporium.
   254 | D:1      | Found a faded altar of an unknown god.
   262 | D:1      | Reached skill level 4 in Long Blades
   262 | D:1      | Reached XP level 2. HP: 25/27 MP: 1/1
   264 | D:1      | Found Bobreng's Antique Armour Shoppe.
   974 | D:2      | Noticed Sigmund
   982 | D:2      | Killed Sigmund
   983 | D:2      | Reached skill level 5 in Long Blades
   983 | D:2      | Reached XP level 3. HP: 8/35 MP: 2/2
   983 | D:2      | Reached XP level 4. HP: 9/41 MP: 3/3
   983 | D:2      | Reached XP level 5. HP: 11/47 MP: 4/4
  1341 | D:2      | Found a runed translucent door.
  1342 | D:2      | Noticed Crazy Yiuf
  1597 | D:2      | Killed Crazy Yiuf
  1598 | D:2      | Reached skill level 5 in Fighting
  2037 | D:3      | Found a bloodstained altar of Trog.
  2094 | D:3      | Reached ** piety under Trog
  2213 | D:3      | Found an opulent altar of Gozag.
  2998 | D:4      | Reached XP level 6. HP: 36/56 MP: 5/5
  3586 | D:5      | Entered Level 5 of the Dungeon
  3593 | D:5      | Reached skill level 6 in Long Blades
  3607 | D:5      | HP: 1/56 [kobold brigand (3)]
  3608 | D:5      | Succumbed to a scorpion's poison

Illustrated notes

Levels and vault maps discovered:
D:1:      dpeg_arrival_short_road, layout_rooms,
          hellmonk_ecumenical_altar_run_dry, serial_shops,
          nicolae_shop_hallway_plus, nicolae_shop_waterfront,
          nicolae_shop_statue_plus, shop_statue
D:2:      layout_basic, uniq_crazy_yiuf_cottage, uniq_sigmund
D:3:      layout_basic, lemuel_tele_altar, trog_three_pillars_becter,
          kennysheep_generic_room_16
D:4:      layout_cave_pools
D:5:      layout_cave_pools, serial_shops, nicolae_shop_behind_doors,
          uniq_blork_the_orc

Skill      XL: |  1  2  3  4  5  6 |
---------------+-------------------+-----
Long Blades    | 4 5 6 |  6.2
Fighting       | 4 5 |  5.7
Armour         | 3 4 |  4.1
Dodging        | 3 |  3.7
Stealth        | |  0.3

Action                   |  1- 3 |  4- 6 || total
-------------------------+-------+-------++-------
Melee: Falchion          |    34 |   118 ||   152
       Headbutt          |     4 |    15 ||    19
       Punch             |     1 |       ||     1
  Use: Scroll            |       |     4 ||     4
       Potion            |       |     4 ||     4
Armor: Animal skin       |     9 |       ||     9
       Scale mail        |     7 |    71 ||    78
Dodge: Dodged            |    21 |    92 ||   113
